[ AOE2 MATCH · #476799089 ]
Team RMJapanese vs Bohemians
[ REPLAY ANALYSIS · EXTRACTED FROM THE RECORDED GAME ]
Feudal
10:20
Castle
14:43
Imperial
33:00
| APM avg | 19.1 |
| APM peak | 58 |
| eAPM avg | 14.1 |
| Villagers / military | 86 / 85 |
Focus
⚔️ 24.1% · 🌾 75.9%
Samurai ×81 · Trebuchet (Packed) ×4
Feudal
11:37
Castle
14:56
Imperial
32:09
| APM avg | 24.2 |
| APM peak | 50 |
| eAPM avg | 16.2 |
| Villagers / military | 181 / 41 |
Focus
⚔️ 18.1% · 🌾 81.9%
Mangonel ×27 · Mangudai ×10 · Monk ×4 · Trade Cart ×3
Feudal
12:28
Castle
16:06
Imperial
39:50
| APM avg | 29.6 |
| APM peak | 58 |
| eAPM avg | 16.6 |
| Villagers / military | 143 / 118 |
Focus
⚔️ 13.4% · 🌾 86.6%
Leitis ×116 · Monk ×2
Feudal
—
Castle
—
Imperial
—
| APM avg | 11.3 |
| APM peak | 31 |
| eAPM avg | 9.3 |
| Villagers / military | 77 / 111 |
Focus
⚔️ 38.2% · 🌾 61.8%
Magyar Huszar ×109 · Mangonel ×2
Feudal
11:33
Castle
15:01
Imperial
38:32
| APM avg | 12.9 |
| APM peak | 33 |
| eAPM avg | 9.9 |
| Villagers / military | 124 / 95 |
Focus
⚔️ 19.6% · 🌾 80.4%
War Elephant ×51 · Archer ×44
Feudal
—
Castle
—
Imperial
—
| APM avg | 15.4 |
| APM peak | 43 |
| eAPM avg | 11.3 |
| Villagers / military | 96 / 55 |
Focus
⚔️ 23.9% · 🌾 76.1%
Hussite Wagon ×53 · Trade Cart ×7 · Mangonel ×2
Feudal
12:45
Castle
16:50
Imperial
28:21
| APM avg | 17.7 |
| APM peak | 45 |
| eAPM avg | 10.1 |
| Villagers / military | 100 / 25 |
Focus
⚔️ 13.6% · 🌾 86.4%
Battle Elephant ×15 · Trebuchet (Packed) ×6 · Ballista Elephant ×4
Feudal
13:30
Castle
17:02
Imperial
34:01
| APM avg | 14.6 |
| APM peak | 29 |
| eAPM avg | 11.1 |
| Villagers / military | 120 / 128 |
Focus
⚔️ 28.8% · 🌾 71.2%
Spearman ×85 · Hussite Wagon ×29 · Trade Cart ×23 · Bombard Cannon ×14
Match map
Initial resources + every placement click. Lines = walls · curves = elevation contours. ◆ gold · ⬟ stone · ● berries · ✦ relic · ◌ wall gap
Your base· ✓ Closed at 14:43 · 0t walls · 3 gate(s)
johnsonzhan121's base· ✓ Closed at 14:56 · 0t walls · 2 gate(s)
tequilajoe6's base· ✓ Closed at 16:06 · 0t walls · 2 gate(s)
Bafode_44's base· ✓ Closed at 15:42 · 0t walls · 2 gate(s)
marco's base· ✓ Closed at 15:01 · 0t walls · 2 gate(s)
floping44's base· ✓ Closed at 16:28 · 48t walls · 5 gate(s)
ariel0306's base· ✓ Closed at 16:50 · 18t walls · 5 gate(s)
pippo's base· ✓ Closed at 17:02 · 1t walls · 2 gate(s)
Smoothed initial terrain · ◌ = detected wall gap · hover for details
Inputs per minute
— benegesserit_333 - - johnsonzhan121
Build order — benegesserit_333
First 150 of 267 actions detected
| 0:01 | Create | Villager (Male) |
| 0:02 | Create | Villager (Male) |
| 0:04 | Build | House |
| 0:06 | Build | House |
| 0:36 | Create | Villager (Male) |
| 0:46 | Create | Villager (Male) |
| 1:33 | Create | Villager (Male) |
| 1:51 | Build | Lumber Camp |
| 2:01 | Create | Villager (Male) |
| 2:34 | Create | Villager (Male) |
| 3:00 | Create | Villager (Male) |
| 3:27 | Create | Villager (Male) |
| 3:40 | Build | Mill |
| 3:54 | Create | Villager (Male) |
| 3:58 | Build | House |
| 4:15 | Create | Villager (Male) |
| 4:38 | Create | Villager (Male) |
| 5:07 | Create | Villager (Male) |
| 6:01 | Create | Villager (Male) |
| 6:13 | Build | Mining Camp |
| 6:32 | Create | Villager (Male) |
| 7:13 | Create | Villager (Male) |
| 8:10 | Research | Feudal Age |
| 8:29 | Build | Barracks |
| 10:20 | Age | Feudal Age |
| 10:27 | Build | Stable |
| 10:32 | Build | Blacksmith |
| 10:37 | Build | House |
| 12:03 | Research | Castle Age |
| 12:13 | Build | Mining Camp |
| 13:25 | Research | Double-Bit Axe |
| 13:32 | Research | Stone Mining |
| 14:07 | Create | Villager (Male) |
| 14:43 | Age | Castle Age |
| 14:45 | Create | Villager (Male) |
| 14:45 | Create | Villager (Male) |
| 15:11 | Create | Villager (Male) |
| 15:16 | Build | Farm |
| 15:40 | Build | Town Center |
| 15:42 | Create | Villager (Male) |
| 16:01 | Create | Villager (Male) |
| 16:24 | Create | Villager (Male) |
| 16:27 | Build | Farm |
| 16:52 | Build | House |
| 16:56 | Build | Farm |
| 17:32 | Create | Villager (Male) |
| 17:59 | Create | Villager (Male) |
| 18:03 | Build | Farm |
| 18:12 | Create | Villager (Male) |
| 18:29 | Build | Farm |
| 18:44 | Build | Castle |
| 18:54 | Build | Farm |
| 19:14 | Create | Villager (Male) |
| 19:27 | Build | Farm |
| 19:28 | Create | Villager (Male) |
| 19:48 | Create | Villager (Male) |
| 19:54 | Build | Farm |
| 20:15 | Build | Farm |
| 20:17 | Create | Villager (Male) |
| 20:56 | Create | Villager (Male) |
| 20:59 | Create | Villager (Male) |
| 21:19 | Create | Villager (Male) |
| 21:19 | Create | Villager (Male) |
| 21:27 | Build | Farm |
| 21:38 | Research | Horse Collar |
| 21:58 | Create | Villager (Male) |
| 22:14 | Build | Farm |
| 22:18 | Build | Farm |
| 22:35 | Build | Castle |
| 22:42 | Build | Farm |
| 22:47 | Create | Villager (Male) |
| 23:06 | Build | Town Center |
| 23:10 | Create | Villager (Male) |
| 23:13 | Create | Villager (Male) |
| 23:22 | Build | Farm |
| 23:38 | Create | Villager (Male) |
| 23:41 | Build | Farm |
| 23:49 | Create | Villager (Male) |
| 24:10 | Create | Villager (Male) |
| 24:19 | Build | Farm |
| 24:33 | Create | Villager (Male) |
| 24:36 | Create | Villager (Male) |
| 24:52 | Research | Wheelbarrow |
| 25:05 | Build | Mining Camp |
| 25:24 | Create | Villager (Male) |
| 25:32 | Create | Villager (Male) |
| 25:56 | Build | University |
| 26:03 | Create | Villager (Male) |
| 26:14 | Create | Villager (Male) |
| 26:29 | Create | Villager (Male) |
| 26:32 | Create | Villager (Male) |
| 26:39 | Create | Villager (Male) |
| 26:45 | Build | Farm |
| 26:47 | Create | Villager (Male) |
| 27:02 | Build | Farm |
| 27:07 | Build | Farm |
| 27:10 | Create | Villager (Male) |
| 27:20 | Build | Farm |
| 27:26 | Create | Villager (Male) |
| 27:29 | Create | Villager (Male) |
| 27:44 | Build | Market |
| 27:50 | Build | Farm |
| 27:54 | Build | Farm |
| 28:01 | Build | Farm |
| 28:05 | Build | Farm |
| 28:41 | Research | Squires |
| 28:46 | Research | Forging |
| 28:46 | Research | Scale Mail Armor |
| 28:53 | Create | Villager (Male) |
| 28:54 | Create | Villager (Male) |
| 29:07 | Create | Villager (Male) |
| 29:10 | Create | Villager (Male) |
| 29:11 | Create | Villager (Male) |
| 29:14 | Research | Gold Mining |
| 29:31 | Create | Villager (Male) |
| 29:48 | Research | Imperial Age |
| 29:57 | Create | Samurai |
| 29:57 | Create | Samurai |
| 29:57 | Create | Samurai |
| 30:07 | Create | Villager (Male) |
| 30:09 | Create | Villager (Male) |
| 30:16 | Create | Samurai |
| 30:16 | Create | Samurai |
| 30:17 | Create | Samurai |
| 30:39 | Build | Farm |
| 30:43 | Research | Iron Casting |
| 30:48 | Build | Farm |
| 30:50 | Build | Farm |
| 30:58 | Create | Villager (Male) |
| 31:06 | Create | Villager (Male) |
| 31:07 | Create | Villager (Male) |
| 31:07 | Create | Villager (Male) |
| 31:15 | Build | House |
| 31:17 | Build | House |
| 31:18 | Build | House |
| 31:20 | Build | House |
| 31:22 | Build | House |
| 31:23 | Build | House |
| 31:33 | Research | Chain Mail Armor |
| 31:44 | Research | Arson |
| 31:50 | Create | Villager (Male) |
| 31:50 | Create | Villager (Male) |
| 31:54 | Create | Villager (Male) |
| 32:19 | Create | Samurai |
| 32:19 | Create | Samurai |
| 32:19 | Create | Samurai |
| 32:20 | Create | Samurai |
| 32:20 | Create | Samurai |
| 32:20 | Create | Samurai |
| 32:21 | Create | Samurai |
Build order — johnsonzhan121
First 150 of 389 actions detected
| 0:01 | Create | Villager (Male) |
| 0:01 | Create | Villager (Male) |
| 0:04 | Build | House |
| 0:06 | Build | House |
| 0:07 | Create | Villager (Male) |
| 0:08 | Create | Villager (Male) |
| 1:42 | Create | Villager (Male) |
| 2:18 | Create | Villager (Male) |
| 2:45 | Create | Villager (Male) |
| 2:48 | Create | Villager (Male) |
| 2:59 | Create | Villager (Male) |
| 3:05 | Create | Villager (Male) |
| 3:29 | Create | Villager (Male) |
| 3:32 | Create | Villager (Male) |
| 3:55 | Create | Villager (Male) |
| 4:00 | Build | House |
| 4:02 | Create | Villager (Male) |
| 4:02 | Create | Villager (Male) |
| 4:07 | Create | Villager (Male) |
| 4:31 | Create | Villager (Male) |
| 4:31 | Create | Villager (Male) |
| 4:44 | Create | Villager (Male) |
| 4:44 | Create | Villager (Male) |
| 4:45 | Create | Villager (Male) |
| 4:53 | Build | House |
| 4:57 | Build | House |
| 5:23 | Create | Villager (Male) |
| 5:23 | Create | Villager (Male) |
| 5:33 | Create | Villager (Male) |
| 5:34 | Create | Villager (Male) |
| 5:56 | Create | Villager (Male) |
| 5:56 | Create | Villager (Male) |
| 5:57 | Create | Villager (Male) |
| 5:58 | Create | Villager (Male) |
| 5:58 | Create | Villager (Male) |
| 6:11 | Create | Villager (Male) |
| 6:36 | Build | Lumber Camp |
| 7:06 | Create | Villager (Male) |
| 7:09 | Create | Villager (Male) |
| 7:09 | Create | Villager (Male) |
| 7:10 | Create | Villager (Male) |
| 7:12 | Create | Villager (Male) |
| 7:26 | Create | Villager (Male) |
| 7:44 | Build | Mill |
| 7:48 | Create | Villager (Male) |
| 8:19 | Create | Villager (Male) |
| 8:19 | Create | Villager (Male) |
| 8:45 | Create | Villager (Male) |
| 9:12 | Research | Feudal Age |
| 9:22 | Build | Mining Camp |
| 9:33 | Build | Farm |
| 10:10 | Build | Farm |
| 10:14 | Build | Farm |
| 10:57 | Create | Villager (Male) |
| 10:57 | Create | Villager (Male) |
| 11:37 | Age | Feudal Age |
| 11:39 | Build | Market |
| 11:43 | Build | Blacksmith |
| 12:16 | Research | Castle Age |
| 12:35 | Build | Farm |
| 12:55 | Research | Double-Bit Axe |
| 13:17 | Research | Horse Collar |
| 13:17 | Research | Horse Collar |
| 13:26 | Build | House |
| 13:27 | Build | House |
| 13:49 | Create | Villager (Male) |
| 14:00 | Build | Farm |
| 14:00 | Build | Farm |
| 14:00 | Build | Farm |
| 14:01 | Build | Farm |
| 14:01 | Build | Farm |
| 14:01 | Build | Farm |
| 14:30 | Create | Villager (Male) |
| 14:56 | Age | Castle Age |
| 14:59 | Build | Town Center |
| 15:01 | Create | Villager (Male) |
| 15:15 | Create | Villager (Male) |
| 15:30 | Create | Villager (Male) |
| 15:46 | Build | Stone Wall |
| 15:49 | Build | Gate |
| 15:52 | Create | Villager (Male) |
| 15:54 | Create | Villager (Male) |
| 16:11 | Build | Farm |
| 16:12 | Build | Farm |
| 16:12 | Build | Farm |
| 16:12 | Build | Farm |
| 16:12 | Build | Farm |
| 16:13 | Build | Farm |
| 16:13 | Build | Farm |
| 16:20 | Create | Villager (Male) |
| 16:20 | Create | Villager (Male) |
| 16:31 | Build | House |
| 16:35 | Create | Villager (Male) |
| 16:44 | Create | Villager (Male) |
| 16:47 | Create | Villager (Male) |
| 16:59 | Research | Wheelbarrow |
| 17:00 | Research | Loom |
| 17:01 | Create | Villager (Male) |
| 17:03 | Create | Villager (Male) |
| 17:19 | Create | Villager (Male) |
| 17:20 | Create | Villager (Male) |
| 17:41 | Build | Stone Wall |
| 17:47 | Create | Villager (Male) |
| 17:53 | Create | Villager (Male) |
| 17:56 | Create | Villager (Male) |
| 17:58 | Research | Stone Mining |
| 17:59 | Research | Gold Mining |
| 18:00 | Create | Villager (Male) |
| 18:03 | Create | Villager (Male) |
| 18:18 | Create | Villager (Male) |
| 18:19 | Create | Villager (Male) |
| 18:31 | Create | Villager (Male) |
| 18:44 | Create | Villager (Male) |
| 18:49 | Build | Farm |
| 18:49 | Build | Farm |
| 18:52 | Create | Villager (Male) |
| 19:01 | Research | Bow Saw |
| 19:04 | Research | Heavy Plow |
| 19:06 | Create | Villager (Male) |
| 19:15 | Create | Villager (Male) |
| 19:37 | Create | Villager (Male) |
| 19:52 | Build | Stone Wall |
| 19:56 | Build | Gate |
| 20:01 | Create | Villager (Male) |
| 20:10 | Build | Town Center |
| 20:12 | Create | Villager (Male) |
| 20:13 | Create | Villager (Male) |
| 20:22 | Build | House |
| 20:22 | Build | House |
| 20:23 | Build | House |
| 20:23 | Build | House |
| 20:23 | Build | House |
| 20:23 | Build | House |
| 20:25 | Build | House |
| 20:28 | Create | Villager (Male) |
| 20:29 | Create | Villager (Male) |
| 20:39 | Create | Villager (Male) |
| 20:48 | Create | Villager (Male) |
| 20:55 | Build | Lumber Camp |
| 20:58 | Build | Lumber Camp |
| 21:00 | Create | Villager (Male) |
| 21:03 | Create | Villager (Male) |
| 21:10 | Create | Villager (Male) |
| 21:12 | Create | Villager (Male) |
| 21:15 | Research | Gold Shaft Mining |
| 21:17 | Create | Villager (Male) |
| 21:25 | Create | Villager (Male) |
| 21:43 | Create | Villager (Male) |
| 21:54 | Build | Stone Wall |
| 21:59 | Build | Stone Wall |
Build order — tequilajoe6
First 150 of 347 actions detected
| 0:01 | Create | Villager (Male) |
| 0:01 | Create | Villager (Male) |
| 0:02 | Create | Villager (Male) |
| 0:03 | Build | House |
| 0:05 | Build | House |
| 0:57 | Create | Villager (Male) |
| 0:57 | Create | Villager (Male) |
| 1:21 | Create | Villager (Male) |
| 1:47 | Build | Lumber Camp |
| 1:53 | Create | Villager (Male) |
| 2:36 | Create | Villager (Male) |
| 3:00 | Create | Villager (Male) |
| 3:01 | Create | Villager (Male) |
| 3:25 | Build | House |
| 3:27 | Build | House |
| 4:07 | Build | Mill |
| 4:15 | Create | Villager (Male) |
| 4:15 | Create | Villager (Male) |
| 4:16 | Create | Villager (Male) |
| 4:27 | Create | Villager (Male) |
| 5:52 | Create | Villager (Male) |
| 6:14 | Create | Villager (Male) |
| 6:27 | Create | Villager (Male) |
| 6:56 | Create | Villager (Male) |
| 7:13 | Create | Villager (Male) |
| 7:34 | Build | Lumber Camp |
| 8:02 | Build | House |
| 8:13 | Create | Villager (Male) |
| 8:13 | Create | Villager (Male) |
| 9:03 | Create | Villager (Male) |
| 9:04 | Create | Villager (Male) |
| 9:10 | Build | Mining Camp |
| 9:19 | Build | Mining Camp |
| 9:28 | Research | Loom |
| 9:44 | Research | Feudal Age |
| 9:48 | Build | Farm |
| 9:54 | Build | Farm |
| 10:42 | Create | Villager (Male) |
| 10:43 | Create | Villager (Male) |
| 11:57 | Build | Farm |
| 12:01 | Build | Farm |
| 12:28 | Age | Feudal Age |
| 12:31 | Build | Market |
| 12:37 | Build | Blacksmith |
| 12:49 | Build | Farm |
| 12:52 | Research | Double-Bit Axe |
| 12:57 | Build | Farm |
| 13:03 | Build | Farm |
| 13:26 | Research | Castle Age |
| 14:07 | Research | Stone Mining |
| 14:16 | Build | House |
| 14:28 | Create | Villager (Male) |
| 14:29 | Create | Villager (Male) |
| 16:06 | Age | Castle Age |
| 16:11 | Build | Town Center |
| 16:29 | Build | Castle |
| 16:48 | Create | Villager (Male) |
| 16:55 | Research | Bow Saw |
| 17:23 | Create | Villager (Male) |
| 17:23 | Create | Villager (Male) |
| 17:23 | Create | Villager (Male) |
| 17:24 | Create | Villager (Male) |
| 17:28 | Research | Wheelbarrow |
| 18:01 | Create | Villager (Male) |
| 18:02 | Create | Villager (Male) |
| 18:02 | Create | Villager (Male) |
| 18:26 | Create | Villager (Male) |
| 18:26 | Create | Villager (Male) |
| 18:26 | Create | Villager (Male) |
| 18:27 | Create | Villager (Male) |
| 18:31 | Build | Farm |
| 18:35 | Build | Farm |
| 18:40 | Build | Farm |
| 18:44 | Research | Horse Collar |
| 18:46 | Build | Farm |
| 18:46 | Build | Farm |
| 18:47 | Build | Farm |
| 18:54 | Build | Monastery |
| 19:01 | Build | Mining Camp |
| 19:12 | Create | Villager (Male) |
| 19:21 | Create | Leitis |
| 19:21 | Create | Leitis |
| 19:36 | Create | Villager (Male) |
| 19:42 | Build | Farm |
| 19:45 | Build | Farm |
| 20:03 | Research | Heavy Plow |
| 20:07 | Create | Villager (Male) |
| 20:07 | Create | Villager (Male) |
| 20:29 | Build | Mining Camp |
| 20:31 | Create | Monk |
| 20:34 | Create | Villager (Male) |
| 20:34 | Create | Villager (Male) |
| 20:35 | Create | Villager (Male) |
| 20:35 | Create | Villager (Male) |
| 20:42 | Build | Farm |
| 20:44 | Build | Farm |
| 20:50 | Research | Gold Mining |
| 21:08 | Create | Villager (Male) |
| 21:08 | Create | Villager (Male) |
| 21:36 | Build | Town Center |
| 21:38 | Create | Villager (Male) |
| 21:38 | Create | Villager (Male) |
| 21:38 | Create | Villager (Male) |
| 21:39 | Create | Villager (Male) |
| 21:39 | Create | Villager (Male) |
| 21:44 | Build | Lumber Camp |
| 21:48 | Create | Villager (Male) |
| 21:49 | Create | Villager (Male) |
| 22:14 | Create | Villager (Male) |
| 22:15 | Create | Villager (Male) |
| 22:16 | Create | Monk |
| 22:18 | Create | Leitis |
| 22:19 | Create | Leitis |
| 22:28 | Build | Farm |
| 22:37 | Build | Farm |
| 23:00 | Build | Farm |
| 23:01 | Build | Farm |
| 23:01 | Build | Farm |
| 23:01 | Build | Farm |
| 23:02 | Build | Farm |
| 23:04 | Create | Villager (Male) |
| 23:04 | Create | Villager (Male) |
| 23:04 | Create | Villager (Male) |
| 23:05 | Create | Villager (Male) |
| 23:05 | Create | Villager (Male) |
| 23:26 | Create | Villager (Male) |
| 23:26 | Create | Villager (Male) |
| 23:35 | Build | House |
| 23:37 | Build | House |
| 23:38 | Build | House |
| 23:39 | Build | House |
| 23:46 | Build | House |
| 23:48 | Build | House |
| 23:48 | Build | House |
| 23:50 | Build | House |
| 23:50 | Build | House |
| 23:59 | Build | Outpost |
| 24:07 | Create | Villager (Male) |
| 24:07 | Create | Villager (Male) |
| 24:28 | Create | Leitis |
| 24:29 | Create | Leitis |
| 25:01 | Research | Scale Barding Armor |
| 25:02 | Research | Forging |
| 25:03 | Create | Villager (Male) |
| 25:03 | Create | Villager (Male) |
| 25:04 | Create | Villager (Male) |
| 25:12 | Create | Leitis |
| 25:12 | Create | Leitis |
| 25:30 | Create | Villager (Male) |
| 25:30 | Create | Villager (Male) |
Build order — Bafode_44
First 150 of 293 actions detected
| 0:14 | Build | House |
| 0:15 | Build | House |
| 0:17 | Build | House |
| 0:21 | Create | Villager (Male) |
| 0:23 | Research | Loom |
| 0:23 | Create | Villager (Male) |
| 0:23 | Create | Villager (Male) |
| 0:23 | Create | Villager (Male) |
| 1:55 | Build | House |
| 1:56 | Build | House |
| 1:57 | Build | House |
| 1:58 | Build | House |
| 2:13 | Create | Villager (Male) |
| 2:27 | Create | Villager (Male) |
| 2:54 | Create | Villager (Male) |
| 3:15 | Create | Villager (Male) |
| 3:50 | Create | Villager (Male) |
| 4:03 | Create | Villager (Male) |
| 4:32 | Create | Villager (Male) |
| 4:33 | Create | Villager (Male) |
| 4:56 | Create | Villager (Male) |
| 5:13 | Create | Villager (Male) |
| 5:38 | Create | Villager (Male) |
| 5:51 | Create | Villager (Male) |
| 6:07 | Create | Villager (Male) |
| 6:11 | Create | Villager (Male) |
| 6:33 | Create | Villager (Male) |
| 6:39 | Create | Villager (Male) |
| 6:54 | Create | Villager (Male) |
| 7:10 | Create | Villager (Male) |
| 7:52 | Build | Mill |
| 7:56 | Create | Villager (Male) |
| 8:10 | Create | Villager (Male) |
| 9:22 | Build | Lumber Camp |
| 10:34 | Research | Feudal Age |
| 11:16 | Build | Farm |
| 11:22 | Build | Farm |
| 11:26 | Build | Farm |
| 11:38 | Create | Villager (Male) |
| 11:38 | Create | Villager (Male) |
| 11:39 | Create | Villager (Male) |
| 11:40 | Create | Villager (Male) |
| 11:41 | Create | Villager (Male) |
| 11:45 | Build | Farm |
| 12:07 | Build | Farm |
| 13:03 | Build | Market |
| 13:50 | Build | Blacksmith |
| 15:07 | Build | Farm |
| 15:10 | Create | Villager (Male) |
| 15:42 | Research | Castle Age |
| 16:57 | Build | Stone Wall |
| 17:02 | Build | Gate |
| 18:32 | Build | Town Center |
| 18:45 | Build | Town Center |
| 19:03 | Create | Villager (Male) |
| 19:04 | Create | Villager (Male) |
| 19:04 | Create | Villager (Male) |
| 19:06 | Create | Villager (Male) |
| 19:06 | Create | Villager (Male) |
| 19:07 | Create | Villager (Male) |
| 19:07 | Create | Villager (Male) |
| 19:32 | Create | Villager (Male) |
| 19:33 | Create | Villager (Male) |
| 19:33 | Create | Villager (Male) |
| 19:33 | Create | Villager (Male) |
| 19:41 | Build | Farm |
| 19:44 | Build | Farm |
| 19:45 | Build | Farm |
| 19:46 | Build | Farm |
| 19:49 | Build | Farm |
| 19:55 | Build | Farm |
| 19:57 | Build | Farm |
| 20:06 | Build | Farm |
| 20:19 | Build | Mining Camp |
| 20:41 | Create | Villager (Male) |
| 20:41 | Create | Villager (Male) |
| 20:42 | Create | Villager (Male) |
| 20:42 | Create | Villager (Male) |
| 20:42 | Create | Villager (Male) |
| 20:42 | Create | Villager (Male) |
| 20:43 | Create | Villager (Male) |
| 20:43 | Create | Villager (Male) |
| 20:45 | Build | Farm |
| 20:54 | Build | Farm |
| 21:31 | Build | Farm |
| 21:36 | Build | Farm |
| 21:40 | Create | Villager (Male) |
| 21:41 | Create | Villager (Male) |
| 21:42 | Create | Villager (Male) |
| 21:43 | Create | Villager (Male) |
| 21:44 | Create | Villager (Male) |
| 22:06 | Build | House |
| 22:08 | Build | House |
| 22:10 | Build | House |
| 22:11 | Build | House |
| 22:12 | Build | House |
| 22:28 | Build | Farm |
| 22:32 | Create | Villager (Male) |
| 22:32 | Create | Villager (Male) |
| 22:32 | Create | Villager (Male) |
| 22:33 | Create | Villager (Male) |
| 22:58 | Build | Farm |
| 23:00 | Build | Farm |
| 23:01 | Build | Farm |
| 23:05 | Build | Farm |
| 23:09 | Create | Villager (Male) |
| 23:19 | Research | Wheelbarrow |
| 23:57 | Build | Castle |
| 24:04 | Build | House |
| 24:06 | Build | House |
| 24:09 | Build | House |
| 24:10 | Build | House |
| 24:11 | Build | House |
| 24:19 | Build | Siege Workshop |
| 24:21 | Build | Siege Workshop |
| 24:25 | Create | Villager (Male) |
| 24:25 | Create | Villager (Male) |
| 24:26 | Create | Villager (Male) |
| 24:30 | Create | Villager (Male) |
| 24:31 | Create | Villager (Male) |
| 24:33 | Create | Villager (Male) |
| 24:34 | Create | Villager (Male) |
| 24:40 | Create | Villager (Male) |
| 24:40 | Create | Villager (Male) |
| 25:00 | Create | Villager (Male) |
| 25:02 | Create | Villager (Male) |
| 25:20 | Build | Barracks |
| 25:37 | Build | Stone Wall |
| 25:44 | Build | Gate |
| 25:51 | Build | Gate |
| 26:05 | Create | Villager (Male) |
| 26:05 | Create | Villager (Male) |
| 26:07 | Research | Hand Cart |
| 26:30 | Build | Farm |
| 26:34 | Build | Farm |
| 26:38 | Create | Villager (Male) |
| 26:38 | Create | Villager (Male) |
| 26:38 | Create | Villager (Male) |
| 26:39 | Create | Villager (Male) |
| 26:39 | Create | Villager (Male) |
| 26:50 | Build | Mill |
| 26:59 | Build | Farm |
| 27:00 | Build | Farm |
| 27:02 | Build | Mill |
| 27:44 | Research | Corvinian Army |
| 28:12 | Build | Farm |
| 28:13 | Build | Farm |
| 28:14 | Build | Farm |
| 28:16 | Build | Farm |
| 28:18 | Build | Farm |
Build order — marco
First 150 of 284 actions detected
| 0:03 | Create | Villager (Male) |
| 0:04 | Create | Villager (Male) |
| 0:04 | Create | Villager (Male) |
| 0:04 | Create | Villager (Male) |
| 0:06 | Build | House |
| 0:09 | Build | House |
| 0:49 | Create | Villager (Male) |
| 0:49 | Create | Villager (Male) |
| 0:49 | Create | Villager (Male) |
| 1:33 | Create | Villager (Male) |
| 1:33 | Create | Villager (Male) |
| 1:33 | Create | Villager (Male) |
| 1:52 | Build | Lumber Camp |
| 1:58 | Create | Villager (Male) |
| 1:59 | Create | Villager (Male) |
| 2:11 | Build | House |
| 2:32 | Create | Villager (Male) |
| 3:15 | Create | Villager (Male) |
| 3:36 | Build | Mill |
| 3:42 | Create | Villager (Male) |
| 3:42 | Create | Villager (Male) |
| 4:03 | Create | Villager (Male) |
| 4:28 | Create | Villager (Male) |
| 5:08 | Create | Villager (Male) |
| 5:08 | Create | Villager (Male) |
| 5:31 | Create | Villager (Male) |
| 5:49 | Create | Villager (Male) |
| 6:16 | Build | House |
| 6:26 | Create | Villager (Male) |
| 6:52 | Build | Farm |
| 6:56 | Build | Farm |
| 6:58 | Create | Villager (Male) |
| 7:06 | Create | Villager (Male) |
| 7:34 | Create | Villager (Male) |
| 7:49 | Create | Villager (Male) |
| 7:54 | Build | House |
| 8:02 | Create | Villager (Male) |
| 8:09 | Create | Villager (Male) |
| 8:19 | Research | Feudal Age |
| 9:16 | Build | Mining Camp |
| 9:33 | Build | Farm |
| 9:40 | Build | Farm |
| 9:48 | Create | Villager (Male) |
| 9:48 | Create | Villager (Male) |
| 10:05 | Build | Farm |
| 10:48 | Build | Farm |
| 11:33 | Age | Feudal Age |
| 11:49 | Build | Market |
| 11:54 | Build | Blacksmith |
| 12:36 | Research | Castle Age |
| 12:47 | Build | Mining Camp |
| 12:59 | Research | Double-Bit Axe |
| 13:10 | Research | Horse Collar |
| 13:25 | Research | Stone Mining |
| 13:26 | Research | Stone Mining |
| 14:31 | Build | Barracks |
| 14:38 | Research | Fletching |
| 14:48 | Build | House |
| 15:01 | Age | Castle Age |
| 15:11 | Create | Villager (Male) |
| 15:11 | Create | Villager (Male) |
| 15:26 | Research | Bow Saw |
| 15:31 | Create | Villager (Male) |
| 16:03 | Build | Castle |
| 16:09 | Create | Villager (Male) |
| 16:23 | Create | Villager (Male) |
| 16:45 | Create | Villager (Male) |
| 17:05 | Create | Villager (Male) |
| 17:14 | Build | House |
| 17:17 | Build | House |
| 18:03 | Create | Villager (Male) |
| 18:04 | Create | Villager (Male) |
| 18:11 | Build | Farm |
| 18:14 | Build | Farm |
| 18:18 | Build | Farm |
| 18:19 | Create | Villager (Male) |
| 18:19 | Create | Villager (Male) |
| 18:24 | Build | Farm |
| 18:25 | Build | Farm |
| 18:25 | Build | Farm |
| 18:26 | Build | Farm |
| 18:27 | Build | Farm |
| 18:28 | Build | Farm |
| 18:31 | Create | Villager (Male) |
| 18:47 | Create | Villager (Male) |
| 19:13 | Build | Town Center |
| 19:15 | Create | Villager (Male) |
| 19:28 | Create | Villager (Male) |
| 19:53 | Build | Farm |
| 19:54 | Build | Farm |
| 19:55 | Build | Farm |
| 19:57 | Build | Farm |
| 19:58 | Build | Farm |
| 20:08 | Create | Villager (Male) |
| 20:08 | Create | Villager (Male) |
| 20:08 | Create | Villager (Male) |
| 20:27 | Create | War Elephant |
| 20:38 | Create | Villager (Male) |
| 20:38 | Create | Villager (Male) |
| 20:45 | Create | Villager (Male) |
| 20:46 | Create | Villager (Male) |
| 20:59 | Build | Castle |
| 21:21 | Create | Villager (Male) |
| 21:23 | Create | War Elephant |
| 21:35 | Build | Mining Camp |
| 21:39 | Create | Villager (Male) |
| 21:40 | Create | Villager (Male) |
| 22:02 | Build | Farm |
| 22:07 | Build | Farm |
| 22:11 | Build | Farm |
| 22:15 | Build | Farm |
| 22:24 | Create | Villager (Male) |
| 22:24 | Create | Villager (Male) |
| 22:32 | Build | Farm |
| 22:40 | Research | Gold Mining |
| 22:51 | Build | Farm |
| 22:59 | Create | Villager (Male) |
| 23:01 | Create | Villager (Male) |
| 23:01 | Create | Villager (Male) |
| 23:05 | Research | Loom |
| 23:18 | Build | Lumber Camp |
| 23:20 | Create | Villager (Male) |
| 23:20 | Create | Villager (Male) |
| 23:31 | Create | Villager (Male) |
| 23:32 | Create | Villager (Male) |
| 23:44 | Create | Villager (Male) |
| 23:49 | Build | Farm |
| 24:03 | Create | Villager (Male) |
| 24:16 | Build | Farm |
| 24:18 | Build | Farm |
| 24:18 | Build | Farm |
| 24:18 | Build | Farm |
| 24:19 | Build | Farm |
| 24:19 | Build | Farm |
| 24:21 | Build | Farm |
| 24:27 | Create | Villager (Male) |
| 24:27 | Create | Villager (Male) |
| 24:32 | Create | War Elephant |
| 25:01 | Build | Town Center |
| 25:23 | Build | Farm |
| 25:28 | Build | Farm |
| 25:33 | Build | Farm |
| 25:36 | Build | Farm |
| 25:38 | Create | Villager (Male) |
| 25:38 | Create | Villager (Male) |
| 25:39 | Create | Villager (Male) |
| 25:39 | Create | Villager (Male) |
| 25:39 | Create | Villager (Male) |
| 25:46 | Create | War Elephant |
| 25:46 | Create | War Elephant |
Build order — floping44
First 150 of 222 actions detected
| 0:08 | Build | House |
| 0:12 | Build | House |
| 0:14 | Build | House |
| 0:15 | Create | Villager (Male) |
| 0:26 | Research | Loom |
| 0:27 | Create | Villager (Male) |
| 0:28 | Create | Villager (Male) |
| 0:28 | Create | Villager (Male) |
| 0:28 | Create | Villager (Male) |
| 1:08 | Build | House |
| 1:09 | Build | House |
| 1:41 | Create | Villager (Male) |
| 2:19 | Create | Villager (Male) |
| 2:35 | Build | House |
| 2:45 | Build | House |
| 3:07 | Create | Villager (Male) |
| 3:29 | Build | House |
| 3:33 | Create | Villager (Male) |
| 3:44 | Create | Villager (Male) |
| 4:05 | Create | Villager (Male) |
| 4:24 | Create | Villager (Male) |
| 4:39 | Build | House |
| 4:48 | Create | Villager (Male) |
| 5:40 | Create | Villager (Male) |
| 5:40 | Create | Villager (Male) |
| 5:41 | Create | Villager (Male) |
| 6:14 | Create | Villager (Male) |
| 6:15 | Create | Villager (Male) |
| 6:15 | Create | Villager (Male) |
| 6:15 | Create | Villager (Male) |
| 6:16 | Create | Villager (Male) |
| 6:44 | Create | Villager (Male) |
| 7:40 | Build | Mining Camp |
| 8:03 | Create | Villager (Male) |
| 8:05 | Create | Villager (Male) |
| 8:05 | Create | Villager (Male) |
| 8:30 | Build | Mill |
| 9:19 | Build | Lumber Camp |
| 9:40 | Research | Feudal Age |
| 10:49 | Create | Villager (Male) |
| 10:50 | Create | Villager (Male) |
| 10:50 | Create | Villager (Male) |
| 10:50 | Create | Villager (Male) |
| 10:51 | Create | Villager (Male) |
| 10:51 | Create | Villager (Male) |
| 10:51 | Create | Villager (Male) |
| 11:26 | Build | Farm |
| 11:29 | Build | Farm |
| 11:34 | Build | Farm |
| 11:41 | Build | Mining Camp |
| 12:13 | Build | Stone Wall |
| 13:04 | Build | Market |
| 14:06 | Build | Gate |
| 14:10 | Build | Gate |
| 14:23 | Create | Villager (Male) |
| 14:23 | Create | Villager (Male) |
| 14:23 | Create | Villager (Male) |
| 14:36 | Build | Blacksmith |
| 15:02 | Build | Farm |
| 15:05 | Build | Farm |
| 15:26 | Build | Farm |
| 15:29 | Build | Farm |
| 15:53 | Build | Farm |
| 16:28 | Research | Castle Age |
| 17:10 | Build | Farm |
| 18:30 | Create | Villager (Male) |
| 18:30 | Create | Villager (Male) |
| 18:30 | Create | Villager (Male) |
| 18:31 | Create | Villager (Male) |
| 18:31 | Create | Villager (Male) |
| 18:31 | Create | Villager (Male) |
| 19:15 | Build | Town Center |
| 19:25 | Build | Town Center |
| 19:46 | Build | Castle |
| 19:56 | Build | Farm |
| 20:00 | Build | Farm |
| 20:06 | Create | Villager (Male) |
| 20:06 | Create | Villager (Male) |
| 20:22 | Create | Villager (Male) |
| 20:22 | Create | Villager (Male) |
| 20:23 | Create | Villager (Male) |
| 20:23 | Create | Villager (Male) |
| 20:23 | Create | Villager (Male) |
| 20:30 | Research | Double-Bit Axe |
| 20:51 | Create | Villager (Male) |
| 20:51 | Create | Villager (Male) |
| 20:51 | Create | Villager (Male) |
| 20:58 | Build | Farm |
| 21:22 | Build | Farm |
| 21:24 | Create | Villager (Male) |
| 21:26 | Create | Villager (Male) |
| 21:41 | Build | Farm |
| 21:54 | Build | Farm |
| 21:56 | Create | Villager (Male) |
| 21:58 | Create | Villager (Male) |
| 22:03 | Create | Villager (Male) |
| 22:04 | Create | Villager (Male) |
| 22:12 | Build | Farm |
| 22:18 | Create | Villager (Male) |
| 22:24 | Build | Farm |
| 22:27 | Build | Farm |
| 22:38 | Research | Horse Collar |
| 22:51 | Build | Farm |
| 22:53 | Create | Villager (Male) |
| 23:01 | Create | Villager (Male) |
| 23:16 | Create | Villager (Male) |
| 23:17 | Create | Villager (Male) |
| 23:21 | Build | Farm |
| 23:28 | Create | Villager (Male) |
| 23:38 | Create | Hussite Wagon |
| 23:39 | Create | Hussite Wagon |
| 23:39 | Create | Hussite Wagon |
| 24:01 | Create | Hussite Wagon |
| 24:01 | Create | Hussite Wagon |
| 24:20 | Build | Mining Camp |
| 24:41 | Build | Castle |
| 24:50 | Create | Hussite Wagon |
| 25:10 | Create | Villager (Male) |
| 25:10 | Create | Villager (Male) |
| 25:11 | Create | Villager (Male) |
| 25:11 | Create | Villager (Male) |
| 25:13 | Create | Villager (Male) |
| 25:13 | Create | Villager (Male) |
| 25:13 | Create | Villager (Male) |
| 25:15 | Create | Villager (Male) |
| 25:15 | Create | Villager (Male) |
| 25:15 | Create | Villager (Male) |
| 25:16 | Create | Villager (Male) |
| 25:16 | Create | Villager (Male) |
| 25:54 | Create | Hussite Wagon |
| 25:54 | Create | Hussite Wagon |
| 26:37 | Create | Hussite Wagon |
| 26:37 | Create | Hussite Wagon |
| 26:37 | Create | Hussite Wagon |
| 26:51 | Create | Hussite Wagon |
| 27:38 | Create | Hussite Wagon |
| 27:41 | Create | Hussite Wagon |
| 27:56 | Create | Villager (Male) |
| 27:56 | Create | Villager (Male) |
| 28:02 | Create | Villager (Male) |
| 28:02 | Create | Villager (Male) |
| 28:02 | Create | Villager (Male) |
| 28:04 | Create | Villager (Male) |
| 28:04 | Create | Villager (Male) |
| 28:05 | Create | Villager (Male) |
| 28:05 | Create | Villager (Male) |
| 29:28 | Create | Hussite Wagon |
| 29:28 | Create | Hussite Wagon |
| 29:28 | Create | Hussite Wagon |
| 29:29 | Create | Hussite Wagon |
Build order — ariel0306
First 150 of 220 actions detected
| 0:02 | Create | Villager (Male) |
| 0:02 | Create | Villager (Male) |
| 0:03 | Create | Villager (Male) |
| 0:03 | Create | Villager (Male) |
| 0:04 | Create | Villager (Male) |
| 0:06 | Build | House |
| 0:11 | Build | House |
| 1:42 | Create | Villager (Male) |
| 1:42 | Create | Villager (Male) |
| 1:42 | Create | Villager (Male) |
| 2:06 | Create | Villager (Male) |
| 2:07 | Create | Villager (Male) |
| 2:18 | Build | Lumber Camp |
| 2:34 | Create | Villager (Male) |
| 2:35 | Create | Villager (Male) |
| 2:35 | Create | Villager (Male) |
| 2:35 | Create | Villager (Male) |
| 2:35 | Create | Villager (Male) |
| 3:03 | Create | Villager (Male) |
| 3:04 | Create | Villager (Male) |
| 3:04 | Create | Villager (Male) |
| 3:04 | Create | Villager (Male) |
| 3:49 | Create | Villager (Male) |
| 3:49 | Create | Villager (Male) |
| 3:50 | Create | Villager (Male) |
| 3:50 | Create | Villager (Male) |
| 3:50 | Create | Villager (Male) |
| 4:16 | Build | Mill |
| 4:30 | Create | Villager (Male) |
| 4:31 | Create | Villager (Male) |
| 4:58 | Create | Villager (Male) |
| 4:58 | Create | Villager (Male) |
| 4:58 | Create | Villager (Male) |
| 5:03 | Build | House |
| 5:22 | Create | Villager (Male) |
| 5:22 | Create | Villager (Male) |
| 5:22 | Create | Villager (Male) |
| 5:41 | Build | House |
| 5:44 | Create | Villager (Male) |
| 5:44 | Create | Villager (Male) |
| 5:45 | Create | Villager (Male) |
| 6:43 | Create | Villager (Male) |
| 6:43 | Create | Villager (Male) |
| 6:44 | Create | Villager (Male) |
| 6:49 | Build | House |
| 7:14 | Create | Villager (Male) |
| 7:15 | Create | Villager (Male) |
| 7:15 | Create | Villager (Male) |
| 7:36 | Build | Farm |
| 8:00 | Create | Villager (Male) |
| 8:08 | Build | Farm |
| 8:34 | Create | Villager (Male) |
| 8:34 | Create | Villager (Male) |
| 9:06 | Create | Villager (Male) |
| 9:25 | Build | Farm |
| 9:33 | Build | Farm |
| 9:40 | Build | Farm |
| 10:10 | Build | House |
| 10:16 | Build | House |
| 10:35 | Research | Feudal Age |
| 11:12 | Build | Palisade Gate |
| 11:23 | Create | Villager (Male) |
| 11:23 | Create | Villager (Male) |
| 11:28 | Build | Farm |
| 11:34 | Build | Mining Camp |
| 12:01 | Create | Villager (Male) |
| 12:13 | Build | House |
| 12:15 | Build | House |
| 12:38 | Build | House |
| 12:45 | Age | Feudal Age |
| 12:57 | Build | House |
| 13:10 | Build | Farm |
| 13:16 | Build | Farm |
| 13:21 | Build | Farm |
| 13:54 | Build | Palisade Wall |
| 14:10 | Research | Castle Age |
| 14:12 | Create | Villager (Male) |
| 14:12 | Create | Villager (Male) |
| 14:18 | Build | House |
| 14:21 | Build | House |
| 14:32 | Build | Blacksmith |
| 14:53 | Create | Villager (Male) |
| 15:10 | Build | Mining Camp |
| 15:20 | Build | House |
| 15:46 | Build | House |
| 15:48 | Build | House |
| 16:07 | Build | Stable |
| 16:20 | Build | Farm |
| 16:50 | Age | Castle Age |
| 17:08 | Build | Outpost |
| 17:25 | Create | Villager (Male) |
| 17:25 | Create | Villager (Male) |
| 17:50 | Build | Town Center |
| 17:57 | Create | Villager (Male) |
| 17:57 | Create | Villager (Male) |
| 18:00 | Research | Horse Collar |
| 18:03 | Research | Double-Bit Axe |
| 18:25 | Research | Town Watch |
| 18:31 | Research | Loom |
| 18:35 | Build | Farm |
| 18:40 | Create | Villager (Male) |
| 18:40 | Create | Villager (Male) |
| 19:08 | Build | Farm |
| 19:27 | Create | Villager (Male) |
| 19:28 | Create | Villager (Male) |
| 19:41 | Build | Farm |
| 19:42 | Build | Farm |
| 20:08 | Create | Villager (Male) |
| 20:13 | Build | Farm |
| 20:15 | Research | Bow Saw |
| 20:35 | Create | Villager (Male) |
| 20:35 | Create | Villager (Male) |
| 20:35 | Create | Villager (Male) |
| 20:50 | Create | Villager (Male) |
| 20:59 | Research | Wheelbarrow |
| 21:03 | Create | Villager (Male) |
| 21:04 | Create | Villager (Male) |
| 21:12 | Build | Farm |
| 21:17 | Build | Farm |
| 21:52 | Research | Stone Mining |
| 21:56 | Create | Villager (Male) |
| 21:58 | Create | Villager (Male) |
| 21:58 | Create | Villager (Male) |
| 22:01 | Build | Farm |
| 22:02 | Build | Farm |
| 22:02 | Build | Farm |
| 22:32 | Build | Farm |
| 22:36 | Build | Farm |
| 22:43 | Create | Villager (Male) |
| 22:47 | Create | Villager (Male) |
| 23:01 | Create | Villager (Male) |
| 23:11 | Create | Villager (Male) |
| 23:15 | Build | Farm |
| 23:21 | Build | Farm |
| 23:45 | Research | Heavy Plow |
| 25:01 | Build | Castle |
| 25:11 | Research | Imperial Age |
| 25:13 | Create | Villager (Male) |
| 25:13 | Create | Villager (Male) |
| 25:24 | Build | Farm |
| 25:25 | Build | Farm |
| 25:25 | Build | Farm |
| 25:26 | Build | Farm |
| 25:32 | Create | Villager (Male) |
| 25:32 | Create | Villager (Male) |
| 25:36 | Build | Farm |
| 25:56 | Research | Gold Mining |
| 26:10 | Build | Stable |
| 26:14 | Build | Stable |
| 26:16 | Build | Stable |
Build order — pippo
First 150 of 305 actions detected
| 0:04 | Build | House |
| 0:04 | Create | Villager (Male) |
| 0:05 | Create | Villager (Male) |
| 0:05 | Create | Villager (Male) |
| 0:06 | Build | House |
| 0:22 | Create | Villager (Male) |
| 0:22 | Create | Villager (Male) |
| 1:26 | Create | Villager (Male) |
| 1:27 | Create | Villager (Male) |
| 1:51 | Build | Lumber Camp |
| 1:55 | Create | Villager (Male) |
| 1:56 | Create | Villager (Male) |
| 2:18 | Create | Villager (Male) |
| 2:18 | Create | Villager (Male) |
| 2:57 | Create | Villager (Male) |
| 2:57 | Create | Villager (Male) |
| 3:05 | Create | Villager (Male) |
| 3:06 | Create | Villager (Male) |
| 3:43 | Create | Villager (Male) |
| 3:43 | Create | Villager (Male) |
| 3:57 | Build | House |
| 4:06 | Create | Villager (Male) |
| 4:06 | Create | Villager (Male) |
| 4:11 | Build | House |
| 4:21 | Build | Mill |
| 4:29 | Create | Villager (Male) |
| 4:29 | Create | Villager (Male) |
| 4:59 | Create | Villager (Male) |
| 5:05 | Build | House |
| 5:14 | Create | Villager (Male) |
| 5:15 | Create | Villager (Male) |
| 5:27 | Create | Villager (Male) |
| 5:27 | Create | Villager (Male) |
| 5:50 | Build | Mining Camp |
| 6:09 | Create | Villager (Male) |
| 6:10 | Create | Villager (Male) |
| 6:54 | Create | Villager (Male) |
| 6:54 | Create | Villager (Male) |
| 6:55 | Create | Villager (Male) |
| 6:55 | Create | Villager (Male) |
| 6:55 | Create | Villager (Male) |
| 7:17 | Build | Lumber Camp |
| 7:23 | Create | Villager (Male) |
| 7:23 | Create | Villager (Male) |
| 7:24 | Create | Villager (Male) |
| 8:20 | Build | Farm |
| 8:27 | Create | Villager (Male) |
| 8:47 | Build | Farm |
| 9:14 | Build | Farm |
| 9:26 | Build | Mining Camp |
| 9:29 | Create | Villager (Male) |
| 9:30 | Create | Villager (Male) |
| 9:39 | Build | House |
| 10:04 | Build | House |
| 10:07 | Build | House |
| 10:33 | Research | Feudal Age |
| 10:40 | Build | Farm |
| 10:43 | Build | Farm |
| 10:57 | Build | Farm |
| 11:12 | Build | Farm |
| 11:23 | Build | Farm |
| 11:34 | Build | Farm |
| 12:22 | Create | Villager (Male) |
| 12:22 | Create | Villager (Male) |
| 13:30 | Age | Feudal Age |
| 13:31 | Build | Market |
| 13:36 | Build | Blacksmith |
| 13:42 | Create | Villager (Male) |
| 13:42 | Create | Villager (Male) |
| 14:22 | Research | Castle Age |
| 14:34 | Build | Palisade Wall |
| 14:45 | Research | Double-Bit Axe |
| 15:01 | Build | Barracks |
| 15:13 | Create | Villager (Male) |
| 15:14 | Create | Villager (Male) |
| 15:14 | Create | Villager (Male) |
| 17:02 | Age | Castle Age |
| 17:05 | Research | Bow Saw |
| 17:18 | Build | Town Center |
| 17:48 | Build | Town Center |
| 17:51 | Create | Villager (Male) |
| 17:51 | Create | Villager (Male) |
| 17:51 | Create | Villager (Male) |
| 17:57 | Research | Horse Collar |
| 18:03 | Build | Farm |
| 18:31 | Create | Villager (Male) |
| 18:31 | Create | Villager (Male) |
| 18:45 | Build | Castle |
| 18:46 | Create | Villager (Male) |
| 18:47 | Create | Villager (Male) |
| 18:47 | Create | Villager (Male) |
| 18:50 | Create | Spearman |
| 18:51 | Create | Spearman |
| 18:51 | Create | Spearman |
| 19:08 | Build | Farm |
| 19:10 | Build | Farm |
| 19:12 | Build | Farm |
| 19:13 | Create | Villager (Male) |
| 19:14 | Create | Villager (Male) |
| 19:14 | Create | Villager (Male) |
| 19:23 | Build | Farm |
| 19:30 | Create | Villager (Male) |
| 19:31 | Create | Villager (Male) |
| 19:42 | Create | Villager (Male) |
| 19:42 | Create | Villager (Male) |
| 20:45 | Create | Villager (Male) |
| 20:45 | Create | Villager (Male) |
| 20:48 | Create | Villager (Male) |
| 20:48 | Create | Villager (Male) |
| 20:49 | Create | Villager (Male) |
| 20:57 | Build | Farm |
| 20:58 | Build | Farm |
| 21:01 | Build | Farm |
| 21:09 | Create | Villager (Male) |
| 21:19 | Build | House |
| 21:20 | Build | House |
| 21:22 | Build | House |
| 21:24 | Research | Loom |
| 21:35 | Create | Hussite Wagon |
| 21:35 | Create | Hussite Wagon |
| 21:36 | Create | Hussite Wagon |
| 21:38 | Create | Villager (Male) |
| 21:39 | Create | Villager (Male) |
| 21:39 | Create | Villager (Male) |
| 21:39 | Create | Villager (Male) |
| 22:02 | Create | Villager (Male) |
| 22:03 | Create | Villager (Male) |
| 22:22 | Build | Outpost |
| 22:30 | Build | Outpost |
| 22:33 | Build | Outpost |
| 22:42 | Research | Heavy Plow |
| 22:48 | Build | Town Center |
| 22:51 | Create | Hussite Wagon |
| 22:51 | Create | Hussite Wagon |
| 22:51 | Create | Hussite Wagon |
| 22:55 | Build | House |
| 22:56 | Build | House |
| 22:58 | Build | House |
| 23:00 | Build | House |
| 23:03 | Build | House |
| 23:21 | Create | Villager (Male) |
| 23:21 | Create | Villager (Male) |
| 23:22 | Create | Villager (Male) |
| 23:22 | Create | Villager (Male) |
| 23:40 | Research | Wheelbarrow |
| 23:54 | Create | Villager (Male) |
| 23:54 | Create | Villager (Male) |
| 24:01 | Create | Spearman |
| 24:01 | Create | Spearman |
| 24:06 | Create | Villager (Male) |
Match timeline
| 8:29 | benegesserit_333 · first_building Barracks |
| 10:20 | benegesserit_333 · age_up feudal |
| 10:27 | benegesserit_333 · first_building Stable |
| 11:33 | marco · age_up feudal |
| 11:37 | johnsonzhan121 · age_up feudal |
| 12:13 | floping44 · wall_segment Stone Wall x48 |
| 12:28 | tequilajoe6 · age_up feudal |
| 12:45 | ariel0306 · age_up feudal |
| 13:30 | pippo · age_up feudal |
| 13:54 | ariel0306 · wall_segment Palisade Wall x18 |
| 14:31 | marco · first_building Barracks |
| 14:34 | pippo · wall_segment Palisade Wall x1 |
| 14:43 | benegesserit_333 · age_up castle |
| 14:56 | johnsonzhan121 · age_up castle |
| 15:01 | marco · age_up castle |
| 15:01 | pippo · first_building Barracks |
| 15:25 | Bafode_44 · first_market_sell 100 wood |
| 15:28 | Bafode_44 · first_market_buy 100 food |
| 15:46 | johnsonzhan121 · wall_segment Stone Wall x7 |
| 16:03 | marco · first_building Castle |
| 16:06 | tequilajoe6 · age_up castle |
| 16:07 | ariel0306 · first_building Stable |
| 16:29 | tequilajoe6 · first_building Castle |
| 16:50 | ariel0306 · age_up castle |
| 16:57 | Bafode_44 · wall_segment Stone Wall x17 |
| 17:02 | pippo · age_up castle |
| 17:41 | johnsonzhan121 · wall_segment Stone Wall x22 |
| 18:44 | benegesserit_333 · first_building Castle |
| 18:45 | pippo · first_building Castle |
| 18:54 | tequilajoe6 · first_building Monastery |
| 19:46 | floping44 · first_building Castle |
| 19:52 | johnsonzhan121 · wall_segment Stone Wall x10 |
| 21:54 | johnsonzhan121 · wall_segment Stone Wall x10 |
| 21:59 | johnsonzhan121 · wall_segment Stone Wall x10 |
| 22:40 | johnsonzhan121 · first_building Barracks |
| 23:57 | Bafode_44 · first_building Castle |
| 24:19 | Bafode_44 · first_building Siege Workshop |
| 24:30 | floping44 · first_market_buy 100 stone |
| 25:01 | ariel0306 · first_building Castle |
| 25:20 | Bafode_44 · first_building Barracks |
| 25:37 | Bafode_44 · wall_segment Stone Wall x28 |
| 25:52 | marco · first_market_buy 100 food |
| 25:52 | johnsonzhan121 · first_building Siege Workshop |
| 25:58 | johnsonzhan121 · first_building Stable |
| 26:03 | johnsonzhan121 · first_building Archery Range |
| 26:44 | johnsonzhan121 · first_building Monastery |
| 28:21 | ariel0306 · age_up imperial |
| 28:55 | Bafode_44 · wall_segment Stone Wall x23 |
| 28:58 | benegesserit_333 · first_market_buy 100 food |
| 29:54 | floping44 · first_market_sell 100 wood |
| 30:37 | tequilajoe6 · first_building Barracks |
| 31:07 | pippo · first_building Siege Workshop |
| 31:35 | tequilajoe6 · first_building Stable |
| 32:09 | johnsonzhan121 · age_up imperial |
| 33:00 | benegesserit_333 · age_up imperial |
| 33:14 | johnsonzhan121 · first_building Castle |
| 33:39 | Bafode_44 · wall_segment Stone Wall x15 |
| 34:01 | pippo · age_up imperial |
| 35:03 | floping44 · first_building Siege Workshop |
| 35:28 | Bafode_44 · wall_segment Stone Wall x7 |
| 35:28 | ariel0306 · first_building Monastery |
| 35:42 | marco · first_market_sell 100 food |
| 36:16 | tequilajoe6 · first_market_sell 100 wood |
| 36:35 | johnsonzhan121 · first_market_sell 500 wood |
| 36:39 | marco · first_building Archery Range |
| 37:27 | Bafode_44 · first_building Stable |
| 38:32 | marco · age_up imperial |
| 39:50 | tequilajoe6 · age_up imperial |
| 40:37 | marco · first_building Stable |
| 41:43 | Bafode_44 · resign |
[ AI ANALYSIS · 1 CREDIT ]
What really happened in this match?
Wolo.gg analyzes every decision: build order, eco, micro, common mistakes by bracket. Personalized analysis on WhatsApp or Discord in 30 seconds.
Civ guide
Japanese
Map guide
Hideout
Perfil
Jugador #19905718